 Dungeon Crawl Stone Soup version 0.19-a0-607-g42021f0 (webtiles) character file.

65303 mmcf the Brawler (level 14, -4/144 HPs)
             Began as a Troll Monk on June 11, 2016.
             Was the Champion of Hepliaklqana.
             Slain by a tentacled starspawn (22 damage)
             ... on level 2 of the Abyss on June 12, 2016.
             The game lasted 01:11:54 (20398 turns).

mmcf the Brawler (Troll Monk)                      Turns: 20398, Time: 01:11:55

Health: -4/144     AC: 15    Str: 25    XL:     14   Next: 75%
Magic:  19/19      EV: 13    Int:  4    God:    Hepliaklqana [******]
Gold:   829        SH:  8    Dex: 16    Spells: 0 memorised, 13 levels left

rFire  + + +     SeeInvis +       - Unarmed
rCold  . . .     Gourm    +     s - +1 robe of Coronation {Stlth+}
rNeg   . . .     Faith    .     Y - +0 shield {reflect}
rPois  +         Spirit   .     T - +2 hat {SInv}
rElec  .         Dismiss  .     D - +0 cloak {+Inv}
rCorr  .         Reflect  +     (gloves unavailable)
SustAt .         Harm     .     (boots unavailable)
MR     .....                    V - amulet of regeneration
Stlth  +++.......               E - ring of Xonkysumme {rPois rF+++ MR- Str+3 Int-2}
                                t - +6 ring of protection

@: about to teleport, drained, not resistant to hostile enchantments, fairly
stealthy
A: unfitting armour, claws 3, fast metabolism 3, gourmand, regeneration 2,
shaggy fur 1, tough skin 2
a: Recall Ancestor, Ancestor Identity, Transference, Idealise, Renounce
Religion, Evoke Invisibility


You were on level 2 of the Abyss.
You worshipped Hepliaklqana.
Hepliaklqana was exalted by your worship.
You were full.

You visited 4 branches of the dungeon, and saw 21 of its levels.
You visited the Abyss 1 time.

You collected 1245 gold pieces.
You spent 416 gold pieces at shops.

Inventory:

Hand Weapons
 o - a +2 morningstar of draining
 H - a +0 blowgun
Missiles
 i - 6 large rocks (quivered)
 y - 4 curare-tipped needles
 C - 6 javelins
 J - 5 javelins of penetration
 N - 31 poisoned needles
 S - 2 throwing nets
Armour
 s - the +1 robe of Coronation (worn) {Stlth+}
   (You found it on level 2 of the Lair of Beasts)

   It makes you more stealthy.
 u - a +2 robe of the Archmagi
 D - a +0 cloak of invisibility (worn)
 T - a +2 hat of see invisible (worn)
 Y - a +0 shield of reflection (worn)
Jewellery
 f - an uncursed ring of sustain attributes {unknown}
 t - a +6 ring of protection (left claw)
 w - a +6 ring of dexterity
 E - the ring of Xonkysumme (right claw) {rPois rF+++ MR- Str+3 Int-2}
   (You bought it in a shop on level 6 of the Dungeon)

   [ring of strength]

   It affects your strength (+3).
   It affects your intelligence (-2).
   It renders you almost immune to fire.
   It protects you from poison.
   It affects your resistance to hostile enchantments.
 M - an uncursed ring of protection from cold
 V - an amulet of regeneration (around neck)
Wands
 e - a wand of lightning (8/15)
 j - a wand of slowing (12/48)
 k - a wand of disintegration (8/24)
 A - a wand of flame (29/48)
Scrolls
 c - 3 scrolls of fog
 h - 9 scrolls of remove curse
 p - a scroll of fear
 q - 6 scrolls of identify
 v - a scroll of teleportation
Potions
 d - 6 potions of flight
 l - 4 potions of heal wounds
 n - 3 potions of curing
 r - a potion of magic
 z - a potion of cure mutation
 G - 6 potions of might
 I - a potion of haste
 L - a potion of resistance
Comestibles
 a - 8 slices of pizza
 b - 14 bread rations
 g - 9 meat rations
 m - 26 royal jellies
 x - a beef jerky


   Skills:
 + Level 10.5(10.2) Fighting
 + Level 6.4(6.1) Throwing
 + Level 3.9(3.7) Armour
 - Level 9.0(8.7) Dodging
 - Level 1.1(0.8) Stealth
 * Level 16.7(16.4) Unarmed Combat
 - Level 8.7(8.4) Invocations


You had 13 spell levels left.
You didn't know any spells.

Dungeon Overview and Level Annotations

Branches:
Dungeon (13/15) Temple (1/1) D:6 Lair (6/6) D:8 Swamp (0/4) Lair:4 Snake (0/4) Lair:3 Slime (0/5) Lair:6 Orc (1/2) D:12 Vaults (0/5) D:12 D:13

Altars:
Ashenzari
Cheibriados
Dithmenos
Elyvilon
Fedhas
Gozag
Hepliaklqana
Kikubaaqudgha
Makhleb
Nemelex Xobeh
Okawaru
Pakellas
Qazlal
Ru
Sif Muna
Trog
Uskayaw
Vehumet
Xom
Yredelemnul
Zin
The Shining One

Shops:
D:5 *   D:6 *=((   D:7 (   D:9 ::[   D:10 *

Portals:
Trove: D:11 (give 2 scrolls of acquirement)

Annotations:
D:13 Nessos


Innate Abilities, Weirdness & Mutations

You are too large for most types of armour.
You have claws for hands.
Your metabolism is lightning-fast.
You like to eat raw meat.
You heal very quickly.
You are covered in fur. (AC +1)
You have very tough skin. (AC +2)


Message History

The raiju blinks!
The tentacled starspawn bites you.
* * * LOW HITPOINT WARNING * * *
The tentacled starspawn engulfs you but does no damage.
You feel much better.
The raiju bursts into living lightning!
The living lightning misses you.
The raiju blinks!
The tentacled starspawn bites you but does no damage.
You block the tentacled starspawn's attack.
You scratch the raiju.
The raiju is moderately wounded.
You feel your health improve.
You closely miss the raiju.
The raiju is moderately wounded.
The raiju bites you.
* * * LOW HITPOINT WARNING * * *
The raiju shocks you!
* * * LOW HITPOINT WARNING * * *
The tentacled starspawn bites you but does no damage.
The tentacled starspawn engulfs you!!
You die...

.. #
... ..
.# ###
#. #.
... ..
#. .. .
. ##.##
.##. .
... #
..... .
#..#
... ..
#ww#
#.. .#
#XX##.#
#
.#@hh#
. ..
###h..#
... # .
#.#..#
## . #
# .. .
. . .
.# #. .
##


You could see a tentacled starspawn, a large abomination, 3 raiju and 2
starspawn tentacles.

Vanquished Creatures
  Rupert (Lair:6)
  Frances (D:12)
  Gastronok (Lair:1)
  Kirke (D:12)
  Donald (D:12)
  An orc warlord (D:12)
  Snorg (D:11)
  Josephine (D:10)
  A fire dragon (Lair:6)
  5 hydras
  Harold (Lair:1)
  A catoblepas (Abyss:2)
  A death yak (Lair:2)
  A fire crab (Lair:6)
  2 unseen horrors (D:11)
  The ghost of hypermopl the Carver, a novice OpAK of Lugonu (D:8)
  2 hill giants
  A griffon (Lair:6)
  An oklob plant (Lair:4)
  2 ugly things (D:12)
  3 orc sorcerers
  A deep elf mage (D:12)
  A worldbinder (Abyss:2)
  A cyclops (D:12)
  An elephant (Lair:5)
  2 centaur zombies (D:12)
  2 black mambas (Lair:3)
  8 spiny frogs
  A torpor snail (Lair:2)
  3 rime drakes
  9 komodo dragons
  An ancient zyme (Abyss:2)
  3 trolls
  A queen bee (D:9)
  7 polar bears (Lair:6)
  A two-headed ogre (D:11)
  A bog body (Lair:4)
  2 raiju (Lair:6)
  Prince Ribbit (D:7)
  9 blink frogs
  2 large abominations (Abyss:2)
  8 redbacks
  Sigmund (D:3)
  A boulder beetle (Lair:6)
  A vampire (D:12)
  A spriggan (D:12)
  4 wraiths
  18 yaks
  10 humans (D:12)
  Eustachio (D:4)
  8 hippogriffs
  7 basilisks
  A steam dragon (D:9)
  A hungry ghost (D:11)
  A naga (Lair:3)
  7 wargs
  8 hell hounds (Lair:6)
  A soldier ant (D:13)
  8 water moccasins
  7 porcupines
  An ice beast (D:6)
  4 swamp drakes (Lair:6)
  Duvessa (D:4)
  12 orc warriors
  3 sky beasts
  14 black bears
  A wasp (D:12)
  8 ogres
  The ghost of Charly the Chopper, an amateur HOBe of Trog (D:5)
  3 centaurs
  A necrophage (D:12)
  20 wolves
  12 crocodiles
  5 big kobolds
  9 giant frogs
  A water moccasin zombie (D:9)
  Dowan (D:4)
  6 scorpions
  24 killer bees (D:9)
  14 wights
  3 howler monkeys
  A crimson imp (D:7)
  A giant frog zombie (D:9)
  A quasit (Abyss:2)
  20 hounds
  4 jellies
  10 orc wizards
  6 orc priests
  Terence (D:3)
  A centaur skeleton (D:9)
  2 giant frog skeletons
  Ijyb (D:3)
  14 iguanas
  6 worker ants
  7 sheep (Lair:5)
  3 small abominations (Abyss:2)
  A hound skeleton (D:7)
  2 worker ant zombies
  Robin (D:3)
  A howler monkey skeleton (D:8)
  7 adders
  20 river rats
  2 shadow imps
  An ooze (D:2)
  An adder zombie (D:7)
  3 worms
  4 dart slugs
  3 giant geckos
  28 orcs
  A ball python (D:2)
  7 giant cockroaches
  21 goblins
  11 hobgoblins
  14 jackals
  2 quokkas
  6 bats
  2 giant cockroach zombies (D:5)
  A giant gecko skeleton (D:4)
  A giant gecko zombie (D:7)
  8 giant newts
  27 kobolds
  2 rats (D:1)
  2 fungi
  A plant (D:6)
583 creatures vanquished.

Vanquished Creatures (collateral kills)
  A hydra (Lair:3)
  Joseph (D:7)
  3 rime drakes
  3 komodo dragons
  A polar bear (Lair:6)
  2 blink frogs (Lair:4)
  2 hippogriffs
  A basilisk (Lair:6)
  A yak (D:9)
  2 humans (D:12)
  A warg (D:12)
  2 water moccasins
  A black bear (Lair:6)
  An orc warrior (Orc:1)
  2 wolves (Lair:6)
  A centaur (D:12)
  A big kobold (D:13)
  A giant frog (D:7)
  A scorpion (D:10)
  A wight (D:11)
  2 hounds
  An orc wizard (D:12)
  2 worker ants
  2 river rats
  2 orcs
38 creatures vanquished.

Vanquished Creatures (others)
  7 humans (D:12)
  A warg (D:12)
  An orc priest (D:12)
  An iguana (Lair:4)
  13 hexers
  2 river rats (Lair:6)
  2 orcs (Orc:1)
  4 fungi (Lair:6)
  13 plants (Lair:6)
  7 starspawn tentacles (Abyss:2)
  24 starspawn tentacle segments (Abyss:2)
75 creatures vanquished.

Grand Total: 696 creatures vanquished

Notes
Turn   | Place    | Note
--------------------------------------------------------------
     0 | D:1      | mmcf the Troll Monk began the quest for the Orb.
     0 | D:1      | Reached XP level 1. HP: 22/22 MP: 0/0
   177 | D:1      | Reached XP level 2. HP: 22/29 MP: 1/1
   629 | D:2      | Reached XP level 3. HP: 19/36 MP: 2/2
   751 | D:3      | Noticed Terence
   760 | D:3      | Killed Terence
   839 | D:2      | Found a stormy altar of Qazlal.
   848 | D:2      | Reached XP level 4. HP: 40/45 MP: 3/3
  1040 | D:3      | Noticed Robin
  1080 | D:3      | Killed Robin
  1146 | D:2      | Reached skill level 5 in Unarmed Combat
  1560 | D:3      | Found a radiant altar of Vehumet.
  1569 | D:3      | Noticed Sigmund
  1588 | D:3      | Killed Sigmund
  1588 | D:3      | Reached XP level 5. HP: 30/53 MP: 4/4
  1588 | D:3      | Reached XP level 6. HP: 34/61 MP: 5/5
  2105 | D:3      | Noticed Ijyb
  2114 | D:3      | Killed Ijyb
  2114 | D:3      | Reached skill level 6 in Unarmed Combat
  2203 | D:4      | Noticed Eustachio
  2213 | D:4      | Killed Eustachio
  2213 | D:4      | Reached XP level 7. HP: 46/70 MP: 6/6
  2267 | D:5      | Entered Level 5 of the Dungeon
  2267 | D:5      | Found Hikas's General Store.
  2429 | D:4      | Noticed Duvessa
  2430 | D:4      | Noticed Dowan
  2438 | D:4      | Killed Duvessa
  2438 | D:4      | Reached skill level 7 in Unarmed Combat
  2448 | D:4      | Killed Dowan
  2536 | D:5      | Reached XP level 8. HP: 67/79 MP: 7/7
  3159 | D:6      | Found Peisacsa's Antique Weapon Emporium.
  3162 | D:6      | Reached skill level 8 in Unarmed Combat
  3175 | D:6      | Found Gubev's Jewellery Boutique.
  3242 | D:6      | Found a staircase to the Ecumenical Temple.
  3251 | Temple   | Entered the Ecumenical Temple
  3363 | Temple   | Became a worshipper of Hepliaklqana
  3363 | Temple   | Reached * piety under Hepliaklqana
  3363 | Temple   | Reached ** piety under Hepliaklqana
  3368 | Temple   | Remembered your ancestor Udjahorresnet as a hexer
  3473 | D:5      | Noticed Charly's ghost (amateur HOBe)
  3487 | D:5      | Killed Charly's ghost
  3487 | D:5      | Reached skill level 5 in Dodging
  3565 | D:6      | Reached skill level 5 in Fighting
  3867 | D:7      | Noticed Joseph
  3876 | D:7      | Killed Joseph
  3876 | D:7      | Reached skill level 9 in Unarmed Combat
  3876 | D:7      | Reached XP level 9. HP: 59/88 MP: 8/8
  4396 | D:5      | Found a sacrificial altar of Ru.
  4402 | D:5      | Found an ancient bone altar of Kikubaaqudgha.
  4688 | D:6      | Found Zuaty's Assorted Antiques.
  4705 | D:6      | Bought a scroll labeled MUEMOS USITAH for 30 gold pieces
  4705 | D:6      | Bought a crude lapis lazuli ring for 150 gold pieces
  4705 | D:6      | Bought a scroll labeled BYTEIPYILE for 30 gold pieces
  4705 | D:6      | Bought a scroll labeled XUKHLU HI POOSHRO for 30 gold pieces
  4706 | D:6      | Identified the ring of Xonkysumme {rPois rF+++ MR- Str+3 Int-2} (You bought it in a shop on level 6 of the Dungeon)
  4736 | D:6      | Found a shimmering altar of Xom.
  4849 | D:6      | Found a shattered altar of Ashenzari.
  4851 | D:6      | Found Tuefyl's Weapon Shop.
  4874 | D:6      | Bought a +0 blowgun for 30 gold pieces
  4970 | D:6      | Found a sacrificial altar of Ru.
  5128 | D:6      | Reached skill level 1 in Invocations
  5165 | D:7      | Noticed Prince Ribbit
  5173 | D:7      | Killed Prince Ribbit
  5192 | D:7      | Reached *** piety under Hepliaklqana
  5270 | D:7      | Reached skill level 10 in Unarmed Combat
  5313 | D:7      | Found Jerrur's Antique Weapon Emporium.
  5472 | D:7      | Noticed a hill giant
  5489 | D:7      | Killed a hill giant
  5872 | D:8      | Noticed hypermopl's ghost (novice OpAK)
  5881 | D:8      | Killed hypermopl's ghost
  5881 | D:8      | Reached XP level 10. HP: 100/100 MP: 11/11
  6116 | D:8      | Found an iron altar of Okawaru.
  6194 | D:9      | Reached skill level 11 in Unarmed Combat
  6332 | D:8      | Found a staircase to the Lair.
  6545 | D:8      | Found a glowing golden altar of the Shining One.
  7038 | Lair:1   | Entered Level 1 of the Lair of Beasts
  7038 | Lair:1   | Noticed Harold
  7057 | Lair:1   | Killed Harold
  7312 | Lair:2   | Reached **** piety under Hepliaklqana
  7342 | Lair:1   | Noticed a spiny frog
  7355 | Lair:1   | Killed a spiny frog
  7403 | Lair:1   | Reached skill level 12 in Unarmed Combat
  7413 | Lair:1   | Reached XP level 11. HP: 71/109 MP: 13/13
  7573 | Lair:1   | Noticed a six-headed hydra
  7584 | Lair:1   | Killed a six-headed hydra
  7726 | Lair:1   | Noticed Gastronok
  7746 | Lair:1   | Killed Gastronok
  7746 | Lair:1   | Reached skill level 5 in Invocations
  8441 | Lair:2   | Noticed a death yak
  8949 | Lair:2   | Got a tattered robe
  8985 | Lair:2   | Identified the +1 robe of Coronation {Stlth+} (You found it on level 2 of the Lair of Beasts)
  9022 | Lair:2   | Killed a death yak
  9153 | Lair:3   | Reached skill level 13 in Unarmed Combat
 10036 | Lair:3   | Reached XP level 12. HP: 86/119 MP: 15/15
 10183 | Lair:4   | Found a staircase to the Swamp.
 10183 | Lair:4   | Noticed a five-headed hydra
 10326 | Lair:3   | Found a staircase to the Snake Pit.
 10385 | Lair:3   | Found a glowing golden altar of the Shining One.
 10653 | Lair:3   | Killed a five-headed hydra
 11019 | Lair:4   | Noticed a six-headed hydra
 11028 | Lair:4   | Killed a six-headed hydra
 11124 | Lair:5   | Reached skill level 14 in Unarmed Combat
 11424 | Lair:5   | Reached ***** piety under Hepliaklqana
 11593 | Lair:6   | Entered Level 6 of the Lair of Beasts
 11593 | Lair:6   | Noticed a six-headed hydra
 11865 | Lair:5   | Found a snail-covered altar of Cheibriados.
 12140 | Lair:6   | Killed a six-headed hydra
 12140 | Lair:6   | Reached skill level 1 in Throwing
 13012 | Lair:6   | Noticed a six-headed hydra
 13016 | Lair:6   | Noticed a six-headed hydra
 13031 | Lair:6   | Killed a six-headed hydra
 13103 | Lair:6   | Killed a six-headed hydra
 13103 | Lair:6   | Reached XP level 13. HP: 42/131 MP: 17/17
 13351 | Lair:6   | Noticed Rupert
 13368 | Lair:6   | Killed Rupert
 13542 | Lair:6   | Noticed a fire dragon
 13552 | Lair:6   | Killed a fire dragon
 13610 | Lair:6   | Reached skill level 15 in Unarmed Combat
 13702 | Lair:6   | Found a basalt altar of Yredelemnul.
 14549 | Lair:6   | Found a staircase to the Slime Pits.
 14926 | D:10     | Entered Level 10 of the Dungeon
 15182 | D:9      | Found Enolodwu's Antique Armour Emporium.
 15211 | D:9      | Bought a glowing cloak for 108 gold pieces
 15219 | D:9      | Found Rufaex's Book Shop.
 15251 | D:9      | Found Ysaby's Book Shop.
 15345 | D:9      | Reached skill level 1 in Armour
 15590 | D:10     | Noticed Josephine
 15614 | D:10     | Killed Josephine
 15785 | D:10     | Found Lanuo's Assorted Antiques.
 15793 | D:10     | Bought a scroll labeled LEQES JAX ETRE for 38 gold pieces
 15815 | D:10     | Reached ****** piety under Hepliaklqana
 16977 | D:12     | Reached XP level 14. HP: 101/141 MP: 19/19
 16983 | D:12     | Reached skill level 10 in Fighting
 17169 | D:11     | Noticed Snorg
 17178 | D:11     | Reached skill level 5 in Throwing
 17187 | D:11     | Killed Snorg
 17287 | D:11     | Found Soehyco's Jewellery Shoppe.
 17334 | D:11     | Found a portal to a secret trove of treasure.
 17368 | D:11     | Reached skill level 16 in Unarmed Combat
 18118 | D:13     | Found a gate to the Vaults.
 18118 | D:13     | Noticed Donald
 18118 | D:13     | Noticed Nessos
 18304 | D:12     | Killed Donald
 18331 | D:12     | Upgraded the game from 0.19-a0-599-g723c685 to 0.19-a0-607-g42021f0
 18766 | D:12     | Found a basalt altar of Yredelemnul.
 18766 | D:12     | Noticed Kirke
 18785 | D:12     | Killed Kirke
 18871 | D:12     | Found a staircase to the Orcish Mines.
 18944 | D:12     | Noticed Frances
 18957 | D:12     | Killed Frances
 19391 | Orc:1    | Entered Level 1 of the Orcish Mines
 19393 | Orc:1    | Noticed an orc warlord
 19666 | D:12     | Killed an orc warlord
 19734 | Orc:1    | Paralysed by an orc sorcerer for 6 turns
 19950 | Orc:1    | Noticed an orc warlord
 19981 | Orc:1    | Cast into level 2 of the Abyss (orc warlord)
 19981 | Abyss:2  | Found a corrupted altar of Lugonu.
 20114 | Abyss:2  | Found an oddly glowing altar of Pakellas.
 20309 | Abyss:2  | Noticed a tentacled starspawn
 20332 | Abyss:2  | Noticed a tentacled starspawn
 20398 | Abyss:2  | Slain by a tentacled starspawn

Vault maps used:
D:1:      roderic_dead_forest, st_stairs_8
D:2:      grunt_qazlal_sundering
D:3:      lemuel_crystal_altar, uniq_sigmund, uniq_terence, uniq_robin,
          uniq_iyjb
D:4:      uniq_eustachio, uniq_duvessa
D:5:      minitemple, first_bread, serial_shops, shop
D:6:      corexii_shack_village, ashenzari_altar_1, lemuel_round_altar,
          lemuel_temple_firewalk_marked, serial_shops, shop,
          nicolae_shop_waterfront, nicolae_shop_overgrown_old_shop,
          shop_fountains, nicolae_ru_great_annihilating_truth
D:7:      serial_shops, nicolae_shop_window_shopping, uniq_joseph,
          uniq_prince_ribbit1
D:8:      kennysheep_mini, lemuel_doored_altar, lair_0_dummy
D:9:      special_room, serial_shops, shop, nicolae_shop_stone, shop_fountains
D:10:     serial_shops, shop, uniq_josephine
D:11:     nicolae_trove_entry_free_sample, serial_shops, shop, uniq_snorg
D:12:     minmay_orc_entry_guard_dogs, grunt_pizzeria, spider_trap,
          yredelemnul_altar_generic, uniq_kirke, uniq_frances
D:13:     david_vaults_3
Temple:   water_room_temple_a_12
Lair:1:   uniq_harold, uniq_gastronok
Lair:2:   grunt_megastairs_4
Lair:3:   guppyfry_snake_entry_island, basic_altar
Lair:4:   minmay_swamp_entry_reptiles, st_stairs_12,
          infiniplex_staircase_pool_2, uniq_rupert
Lair:5:   basic_altar, beast_lair_carwin_9, grunt_megastairs_3
Lair:6:   hangedman_lair_caniforms_friends, guppyfry_lair_end_dragon,
          dpeg_slime_entry_corner, lemuel_altar_in_water2
Orc:1:    nicolae_orc_accident_3
Abyss:2:  grunt_abyss_exit_deep_breaths

Skill      XL: |  1  2  3  4  5  6  7  8  9 10 11 12 13 14 |
---------------+-------------------------------------------+-----
Fighting       | 3 4 5 6 7 8 9 10 | 10.5
Dodging        | 3 4 5 6 7 8 9 |  9.0
Unarmed Combat | 5 6 7 9 10 12 13 14 15 16 | 16.7
Invocations    | 3 4 6 7 8 |  8.7
Throwing       | 1 4 6 |  6.4
Armour         | 1 3 |  3.9
Stealth        | |  1.1

Action                   |  1- 3 |  4- 6 |  7- 9 | 10-12 | 13-15 || total
-------------------------+-------+-------+-------+-------+-------++-------
Melee: Unarmed           |    76 |   100 |   243 |   471 |   943 ||  1833
       Punch             |     1 |     6 |    14 |    37 |    69 ||   127
       Flail             |       |       |       |    33 |       ||    33
Throw: Large rock        |       |       |       |     3 |     5 ||     8
       Javelin           |       |       |       |     2 |       ||     2
Invok: Ancestor Life: He |       |       |     1 |       |       ||     1
       Recall Ancestor   |       |       |       |     1 |       ||     1
       Idealise          |       |       |       |       |     2 ||     2
Evoke: Wand              |       |     3 |       |     4 |       ||     7
  Use: Scroll            |       |     2 |    11 |    17 |     9 ||    39
       Potion            |       |       |       |     3 |     5 ||     8
 Stab: Sleeping          |     3 |       |     3 |     9 |    10 ||    25
       Paralysed         |       |     3 |       |       |       ||     3
       Distracted        |       |       |     5 |     9 |     7 ||    21
       Confused          |       |       |     2 |    11 |    10 ||    23
  Eat: Chunk             |    13 |    13 |    33 |    62 |    63 ||   184
       Bread ration      |       |       |       |       |     2 ||     2
Armor: Robe              |    49 |     7 |       |   112 |   369 ||   537
       Animal skin       |       |    17 |    66 |    93 |       ||   176
Dodge: Dodged            |    55 |    64 |    99 |   403 |   646 ||  1267
Block: Shield            |       |       |       |       |    96 ||    96
       Reflection        |       |       |       |       |     2 ||     2
